 Dungeon Crawl Stone Soup version 0.30-a0-250-g41c1d76940 (webtiles) character file.

Game seed: 5228847338821642959

19126 NinjaNoafa the Brawler (level 12, -6/118 HPs)
             Began as a Troll Fighter on Oct 12, 2022.
             Was a High Priest of Qazlal.
             Killed from afar by a molten gargoyle (15 damage)
             ... with a bolt of magma
             ... in a volcano.
             The game lasted 00:28:36 (8270 turns).

NinjaNoafa the Brawler (Troll Fighter)              Turns: 8270, Time: 00:28:36

Health: -6/118     AC: 15    Str: 31    XL:     12   Next: 33%
Magic:  11/17      EV:  7    Int:  4    God:    Qazlal [*****.]
Gold:   319        SH: 14    Dex:  9    Spells: 11/11 levels left

rFire   + + .      SeeInvis .      - Unarmed
rCold   + . .      Faith    .    b - +0 kite shield
rNeg    + . .      Spirit   .    v - +0 pearl dragon scales
rPois   +          Reflect  .    H - +1 hat
rElec   +          Harm     .    A - +0 cloak
rCorr   +          Rampage  .    (gloves unavailable)
Will    ++...                    (boots unavailable)
Stlth   ..........               D - amulet of regeneration
HPRegen 1.99/turn                w - +4 ring of slaying
MPRegen 0.15/turn                y - ring of poison resistance

@: resistant, protected from fire, studying Shields, repel missiles
A: large, unfitting armour, claws 3, regeneration 1, shaggy fur 1, tough skin 1,
antennae 1, strong-willed 2, MP-powered wands
a: Renounce Religion, Upheaval, Elemental Force, Disaster Area


You were in a volcano.
You worshipped Qazlal.
Qazlal was extremely pleased with you.
You visited 3 branches of the dungeon, and saw 12 of its levels.
You also visited: Volcano.

You collected 672 gold pieces.
You spent 353 gold pieces at shops.

Inventory:

Missiles
 a - 15 large rocks (quivered)
 d - 100 stones
 p - 8 poisoned darts
 r - 12 boomerangs
 u - 2 throwing nets
 J - a curare-tipped dart
Armour
 b - a +0 kite shield (worn)
 v - +0 pearl dragon scales (worn)
 A - a +0 cloak (worn)
 H - a +1 hat (worn)
Jewellery
 w - a +4 ring of slaying (left claw)
 y - a ring of poison resistance (right claw)
 D - an amulet of regeneration (around neck)
 L - the ring "Firghu" {rC+ rN+ Int+4 Dex-2}
   (You found it on level 9 of the Dungeon)

   [ring of protection from cold]

   Int:       It affects your intelligence (+4).
   Dex:       It affects your dexterity (-2).
   rC:        It protects you from cold.
   rN:        It protects you from negative energy.
 N - a ring of flight
Wands
 B - a wand of acid (7)
 K - a wand of roots (7)
Scrolls
 g - 4 scrolls of noise {unknown}
 j - 2 scrolls of enchant armour {unknown}
 q - a scroll of amnesia
 F - 2 scrolls of poison
 G - a scroll of torment
Potions
 c - 2 potions of might
 h - 6 potions of haste
 i - 2 potions of brilliance
 k - 2 potions of heal wounds
 l - 2 potions of resistance
 m - 3 potions of berserk rage
 n - 6 potions of curing
 o - 2 potions of degeneration
 s - 3 potions of magic
 t - 3 potions of flight
 z - 3 potions of ambrosia
 E - a potion of lignification
 P - a potion of attraction


   Skills:
 - Level 7.0 Fighting
 + Level 2.2 Throwing
 - Level 3.0 Armour
 - Level 3.0 Dodging
 - Level 3.0 Shields
 - Level 15.0 Unarmed Combat
 - Level 9.0 Invocations
 - Level 3.0 Evocations


You had 11 spell levels left.
You didn't know any spells.
Your spell library contained the following spells:

 Spells                   Type           Power      Damage    Failure   Level
 Apportation              Tloc           0%         N/A       97%         1
 Necrotise                Necr           0%         1d4       97%         1
 Summon Small Mammal      Summ           0%         N/A       97%         1
 Sublimation of Blood     Necr           0%         N/A       99%         2
 Wereblood                Tmut           0%         N/A       99%         2
 Call Canine Familiar     Summ           0%         N/A       100%        3
 Portal Projectile        Hex/Tloc       0%         N/A       100%        3
 Leda's Liquefaction      Hex/Erth       0%         N/A       100%        4
 Summon Forest            Summ/Tloc      0%         N/A       100%        5
 Summon Mana Viper        Hex/Summ       0%         N/A       100%        5
 Summon Cactus Giant      Summ           0%         N/A       100%        6
 Summon Hydra             Summ           0%         N/A       100%        7
 Chain Lightning          Conj/Air       0%         N/A       100%        9
 Fire Storm               Conj/Fire      0%         5d1       100%        9
 Shatter                  Erth           0%         3d5*      100%        9


Dungeon Overview and Level Annotations

Branches:
Dungeon (9/15)             Temple (1/1) D:4            Lair (2/5) D:9
Volcano (1/1)
  Swamp: Lair:2-3    Shoals: Lair:2-3     Snake: Lair:2-3    Spider: Lair:2-3
    Orc: D:9-12

Altars:
Ashenzari
Cheibriados
Dithmenos
Elyvilon
Fedhas
Gozag
Hepliaklqana
Kikubaaqudgha
Makhleb
Nemelex Xobeh
Okawaru
Qazlal
Ru
Sif Muna
Trog
Uskayaw
Vehumet
Wu Jian
Xom
Yredelemnul
Zin
The Shining One

Shops:
D:4 [[[!   D:7 *   D:8 !

Annotations:
Lair:2 koil's ghost, journeyman SpEn


Innate Abilities, Weirdness & Mutations

You are too large for most types of armour.
You have claws for hands.
Your natural rate of healing is unusually fast.
You are covered in fur. (AC +1)
You have tough skin. (AC +1)
You have a pair of small antennae on your head.
You are highly strong-willed. (Will++)
You expend magic power (3 MP) to strengthen your wands.


Message History

Your body is wracked with pain!
* * * LOW HITPOINT WARNING * * *
It was a scroll of torment.
The molten gargoyle hits you with a +0 morningstar!
* * * LOW HITPOINT WARNING * * *
You are engulfed in flames!
You feel protected from fire.
* * * LOW HITPOINT WARNING * * *
You feel much better.
The molten gargoyle blasts magma at you!
The bolt of magma hits you! You partially resist.
You feel more protected from fire.
* * * LOW HITPOINT WARNING * * *
You hear a sizzling sound!
The molten gargoyle blasts magma at you!
The bolt of magma hits you! You partially resist.
* * * LOW HITPOINT WARNING * * *
You feel protected.
As you read the scroll labelled VOISTO UZ DYIN, it crumbles to dust.
It is a scroll of enchant weapon.
You aren't carrying any weapons that can be enchanted.
The molten gargoyle blasts magma at you!
The bolt of magma hits you. You partially resist.
You feel more protected from fire.
* * * LOW HITPOINT WARNING * * *
The air fills with toxic fumes!
As you read the scroll labelled JIBEDU GOTIE, it crumbles to dust.
It was a scroll of poison.
You block the molten gargoyle's attack.
The molten gargoyle hits you but does no damage.
The molten gargoyle attacks as you move away!
The molten gargoyle hits you with a +0 mace.
* * * LOW HITPOINT WARNING * * *
You are engulfed in flames.
You resist.
* * * LOW HITPOINT WARNING * * *
The molten gargoyle attacks as you move away!
The molten gargoyle barely misses you.
The molten gargoyle blasts magma at you!
The bolt of magma hits you! You partially resist.
You feel more protected from fire.
You die...

#......+......# ~~
#∩.∩...#..⌠...# #####~###
#......'......####§§~p~§§#
#8.....'.8...8#§§§§#~~§~§~
##.8..8##..####§.§{§~~~§§~
########..# #§p#§§#~~~§~
#.†####99##§.# ~~§
#.†##)§§.# #.≈§ ~
#..####@§# #.#~~
#..####°§# ≈.## #..##.§§§#
... #..####§§# ... #..#
#§§# #..####§§# #.....§§§#
#........# #~~#######


You could see a wizard and 2 molten gargoyles.

Vanquished Creatures
  2 hydras (Lair:2)
  A two-headed ogre (D:9)
  5 cyclopes (Volcano)
  Joseph (D:7)
  A torpor snail (Lair:1)
  2 black mambas (Lair:2)
  4 cane toads
  A troll (D:8)
  A hornet (D:7)
  4 dream sheep (Lair:1)
  Sigmund (D:6)
  A shadow (D:9)
  38 yaks
  A basilisk (Lair:2)
  Edmund (D:6)
  A steam dragon (D:9)
  A swamp worm (Lair:2)
  6 water moccasins (Lair:1)
  5 black bears
  An ice beast (D:6)
  2 orc warriors (D:9)
  5 ogres
  A centaur (D:9)
  8 wolves
  2 phantoms
  A kobold brigand (D:7)
  2 necrophages
  4 bullfrogs
  3 scorpions
  13 wights (D:8)
  An electric eel (Lair:1)
  5 hounds
  Crazy Yiuf (D:5)
  A jelly (D:5)
  A gnoll bouda (D:6)
  4 orc priests
  5 iguanas
  5 hell rats (Lair:1)
  14 orc wizards
  10 gnolls
  4 adders
  A shadow imp (D:7)
  4 white imps
  5 ufetubi
  A worm (D:2)
  3 dart slugs
  24 orcs
  11 ball pythons
  13 endoplasms
  3 giant cockroaches
  4 hobgoblins
  4 jackals (D:1)
  3 quokkas
  3 bats (D:3)
  3 frilled lizards
  6 goblins
  16 kobolds
  2 rats (D:3)
276 creatures vanquished.

Vanquished Creatures (collateral kills)
  A yak (Lair:1)
  2 water moccasins (Lair:2)
  4 wolves (Lair:1)
7 creatures vanquished.

Vanquished Creatures (others)
  14 fungi
  21 plants
35 creatures vanquished.

Grand Total: 318 creatures vanquished

Notes
Turn   | Place    | Note
-------+----------+-------------------------------------------
     0 | D:1      | NinjaNoafa the Troll Fighter began the quest for the Orb.
     0 | D:1      | Reached XP level 1. HP: 22/22 MP: 0/0
   234 | D:1      | Reached XP level 2. HP: 25/29 MP: 1/1
   328 | D:1      | Found a faded altar of an unknown god.
   337 | D:1      | Prayed at the altar of an unknown god.
   337 | D:1      | Became a worshipper of Qazlal Stormbringer
   337 | D:1      | Reached * piety under Qazlal
   395 | D:1      | Reached XP level 3. HP: 32/36 MP: 2/2
   985 | D:2      | Reached ** piety under Qazlal
  1559 | D:3      | Reached XP level 4. HP: 45/45 MP: 3/3
  1636 | D:3      | Reached skill level 3 in Unarmed Combat
  2076 | D:4      | Found a staircase to the Ecumenical Temple.
  2083 | Temple   | Entered the Ecumenical Temple
  2083 | Temple   | Found a transporter.
  2083 | Temple   | Found a transporter.
  2086 | Temple   | Found a transporter.
  2086 | Temple   | Found a transporter.
  2224 | D:4      | Found Suginaxten's Armour Shop.
  2327 | D:4      | Found Pithrieta's Antique Armour Shoppe.
  2350 | D:4      | Found Memetoi's Armour Emporium.
  2361 | D:4      | Noticed a scorpion
  2365 | D:4      | Killed a scorpion
  2366 | D:4      | Reached skill level 4 in Unarmed Combat
  2366 | D:4      | Reached XP level 5. HP: 53/53 MP: 4/4
  2691 | D:4      | Noticed a phantom
  2700 | D:4      | Killed a phantom
  2701 | D:4      | Reached skill level 5 in Unarmed Combat
  2722 | D:4      | Found Veesigg's Distillery.
  2731 | D:4      | Bought a potion of berserk rage for 55 gold pieces
  2731 | D:4      | Bought a potion of heal wounds for 55 gold pieces
  2731 | D:4      | Bought a potion of haste for 110 gold pieces
  2897 | D:5      | Entered Level 5 of the Dungeon
  2908 | D:4      | Reached XP level 6. HP: 61/61 MP: 5/5
  2960 | D:5      | Reached skill level 6 in Unarmed Combat
  2970 | D:5      | Reached *** piety under Qazlal
  3015 | D:5      | Reached skill level 7 in Unarmed Combat
  3015 | D:5      | Reached XP level 7. HP: 47/67 MP: 6/6
  3051 | D:5      | Reached skill level 1 in Invocations
  3126 | D:5      | Identified the +4 rapier "Lemuczoogi" {protect, Will+
                  | Str+4}
  3234 | D:5      | Found a runed translucent door.
  3235 | D:5      | Noticed Crazy Yiuf
  3549 | D:5      | Found an opulent altar of Gozag.
  3553 | D:5      | Gained mutation: You are vulnerable to heat. (rF-) [potion
                  | of mutation]
  3553 | D:5      | Gained mutation: Your body sometimes deteriorates upon
                  | taking damage. [potion of mutation]
  3750 | D:5      | Killed Crazy Yiuf
  3956 | D:6      | Noticed Edmund
  3967 | D:6      | Reached XP level 8. HP: 70/79 MP: 7/9
  3969 | D:6      | Killed Edmund
  3970 | D:6      | Reached skill level 5 in Fighting
  4136 | D:6      | Reached skill level 5 in Invocations
  4209 | D:6      | Noticed Sigmund
  4216 | D:6      | Killed Sigmund
  4648 | D:7      | Found Iwkocs's Assorted Antiques.
  4666 | D:7      | Bought a glowing hat for 133 gold pieces
  4848 | D:7      | Noticed Joseph
  4863 | D:7      | Killed Joseph
  4864 | D:7      | Reached XP level 9. HP: 44/88 MP: 13/13
  4866 | D:7      | Reached **** piety under Qazlal
  4979 | D:7      | Reached skill level 1 in Armour
  5405 | D:8      | Reached skill level 8 in Unarmed Combat
  5420 | D:8      | Reached skill level 9 in Unarmed Combat
  5595 | D:8      | Noticed a troll
  5599 | D:8      | Reached XP level 10. HP: 96/96 MP: 14/14
  5605 | D:8      | Reached skill level 10 in Unarmed Combat
  5670 | D:8      | Reached skill level 11 in Unarmed Combat
  5715 | D:8      | Found Mumil's Distillery.
  6134 | D:8      | Lost mutation: Your body sometimes deteriorates upon taking
                  | damage. [potion of mutation]
  6134 | D:8      | Lost mutation: You are vulnerable to heat. (rF-) [potion of
                  | mutation]
  6134 | D:8      | Gained mutation: You are strong-willed. (Will+) [potion of
                  | mutation]
  6134 | D:8      | Gained mutation: You expend magic power (3 MP) to
                  | strengthen your wands. [potion of mutation]
  6134 | D:8      | Gained mutation: You have a pair of small antennae on your
                  | head. [potion of mutation]
  6134 | D:8      | Gained mutation: You are highly strong-willed. (Will++)
                  | [potion of mutation]
  6160 | D:9      | Reached ***** piety under Qazlal
  6241 | D:9      | Identified the +11 rapier of the Fifty Wars {vorpal, rCorr
                  | Int+2}
  6452 | D:9      | Reached skill level 12 in Unarmed Combat
  6553 | D:9      | Found an iron altar of Okawaru.
  6553 | D:9      | Identified the ring "Firghu" {rC+ rN+ Int+4 Dex-2}
  6568 | D:9      | Noticed a two-headed ogre
  6575 | D:9      | Killed a two-headed ogre
  6576 | D:9      | Reached skill level 13 in Unarmed Combat
  6760 | D:9      | Found a staircase to the Lair.
  7091 | Lair:1   | Entered Level 1 of the Lair of Beasts
  7114 | Lair:1   | Reached XP level 11. HP: 95/104 MP: 9/15
  7968 | Lair:2   | Identified a scroll of acquirement
  7968 | Lair:2   | Acquired a manual of Shields
  7986 | Lair:2   | Reached skill level 14 in Unarmed Combat
  8005 | Lair:2   | Noticed koil's ghost (journeyman SpEn)
  8023 | Lair:2   | Reached XP level 12. HP: 103/118 MP: 17/17
  8024 | Lair:2   | Noticed a six-headed hydra
  8030 | Lair:2   | Noticed a four-headed hydra
  8033 | Lair:2   | Killed a seven-headed hydra
  8044 | Lair:2   | Killed a seven-headed hydra
  8141 | Lair:2   | Found a dark tunnel.
  8151 | Volcano  | Entered a volcano
  8176 | Volcano  | Reached skill level 15 in Unarmed Combat
  8185 | Volcano  | Reached skill level 1 in Throwing
  8264 | Volcano  | HP: 1/118 [molten gargoyle/+0 morningstar (9)]
  8270 | Volcano  | Killed from afar by a molten gargoyle

Illustrated notes

Levels and vault maps discovered:
D:1:      dpeg_arrival_circle_labyrinth_c, layout_loops_ring,
          shapermc_ecumenical_altar_pompeii
D:2:      layout_rooms
D:3:      layout_rooms, kennysheep_big_empty_room, minmay_crystal_room,
          corexii_corridor_pit
D:4:      layout_basic, minmay_temple_entry_nine_rooms, serial_shops, shop,
          kennysheep_mini, nicolae_shop_temple_entry_statues_fountains,
          kennysheep_little_box, dreamdust_wishing_well
D:5:      layout_rooms, grunt_gozag_breadcrumbs, chequers_serial_rivers_micro_d,
          chequers_serial_rivers_small_a, minmay_fractal_squares_5,
          uniq_crazy_yiuf_cottage
D:6:      layout_basic, uniq_edmund, uniq_sigmund
D:7:      layout_basic, serial_shops, nicolae_shop_advertising_works
          [nicolae_subvault_shop_adworks], uniq_joseph
D:8:      layout_loops_cross, serial_shops, nicolae_shop_stone
D:9:      layout_basic, mainiacjoe_overflow_brackets,
          grunt_lair_entry_orc_guard_hut
Temple:   hellmonk_temple_divided_pantheon
Lair:1:   layout_chaotic_city, grunt_megastairs_5, serial_bayou_shore_a
Lair:2:   layout_chaotic_city, palyth_hydra_swamp_entry,
          minmay_snake_entry_six_corridors, nzn_ghost_randoct,
          nicolae_volcano_entry_lava_flow, ldierk_geyser
Volcano:  hellmonk_zot_springs

Skill      XL: |  1  2  3  4  5  6  7  8  9 10 11 12 |
---------------+-------------------------------------+-----
Shields        | 3 |  3.0
Dodging        | 3 |  3.0
Fighting       | 3 4 5 7 |  7.0
Unarmed Combat | 4 5 7 9 13 14 15 | 15.0
Invocations    | 2 7 8 9 |  9.0
Evocations     | 2 3 |  3.0
Armour         | 3 |  3.0
Throwing       | 2 |  2.2

Action                   |  1- 3 |  4- 6 |  7- 9 | 10-12 || total
-------------------------+-------+-------+-------+-------++-------
Melee: Unarmed           |   115 |    78 |   213 |   268 ||   674
       Rapier            |       |       |     3 |       ||     3
Throw: Boomerang         |       |       |       |     4 ||     4
       Large rock        |       |       |       |     8 ||     8
Invok: Upheaval          |       |       |     1 |       ||     1
       Elemental Force   |       |       |       |     1 ||     1
       Disaster Area     |       |       |       |     1 ||     1
Evoke: Wand              |       |       |       |     3 ||     3
  Use: Scroll            |       |     8 |     3 |    11 ||    22
       Potion            |       |     1 |     6 |     4 ||    11
Armor: Robe              |    30 |    16 |    31 |       ||    77
       Pearl dragon scal |       |       |    52 |   144 ||   196
Dodge: Dodged            |    36 |    16 |    78 |    89 ||   219
Block: Kite shield       |    57 |    47 |   152 |   241 ||   497

Table legend: (Time is in decaauts)
 A = Elapsed time spent in this place.
 B = Non-inter-level travel time spent in this place.
 C = Inter-level travel time spent in this place.
 D = Time resting spent in this place.
 E = Time spent auto-exploring this place.
 F = Levels seen in this place.
 G = Mean time per level.
                   A        B        C        D        E       F      G
               +--------+--------+--------+--------+--------+-----+--------+
         Total |   8285 |   7851 |    434 |     43 |   5886 |  13 |  637.3 |
       Dungeon |   7058 |   6664 |    394 |     43 |   5117 |   9 |  784.2 |
        Temple |     40 |     26 |     14 |      0 |      3 |   1 |   40.0 |
          Lair |   1061 |   1036 |     25 |      0 |    710 |   2 |  530.5 |
       Volcano |    125 |    125 |      0 |      0 |     56 |   1 |  125.0 |
               +--------+--------+--------+--------+--------+-----+--------+

Top non-repeatable levels by time:
     D:1: 956 daAuts
     D:9: 934 daAuts
     D:5: 864 daAuts
     D:4: 844 daAuts
  Lair:1: 840 daAuts
     D:6: 812 daAuts
     D:8: 778 daAuts
     D:7: 761 daAuts
     D:3: 612 daAuts
     D:2: 493 daAuts
  Lair:2: 220 daAuts
 Volcano: 125 daAuts
  Temple: 40 daAuts
